 Dungeon Crawl Stone Soup version 0.18-a0-1577-gf591c28 (webtiles) character file.

249 HandofTrog the Cudgeler (level 5, -3/45 HPs)
             Began as a Minotaur Fighter on Mar 17, 2016.
             Was a Follower of Makhleb.
             Slain by an ogre
             ... wielding a +0 giant spiked club
              (31 damage)
             ... on level 4 of the Dungeon.
             The game lasted 00:08:22 (2346 turns).

HandofTrog the Cudgeler (Minotaur Fighter)          Turns: 2346, Time: 00:08:23

Health: -3/45      AC:  8    Str: 21    XL:     5   Next: 86%
Magic:  4/4        EV:  7    Int:  5    God:    Makhleb [*.....]
Gold:   185        SH: 11    Dex: 10    Spells: 0 memorised, 4 levels left

rFire  . . .     SeeInvis +     a - +0 flail
rCold  . . .     Gourm    .     b - +0 scale mail
rNeg   . . .     Faith    .     c - +0 shield
rPois  .         Spirit   .     (helmet restricted)
rElec  .         Dismiss  .     (no cloak)
rCorr  .         Reflect  +     (no gloves)
SustAt .         Harm     .     i - +0 pair of boots
MR     .....                    p - +2 amulet of reflection
Stlth  ..........               (no ring)
                                u - ring of see invisible

@: not resistant to hostile enchantments, extremely unstealthy
A: retaliatory headbutt, horns 2
a: Renounce Religion


You were on level 4 of the Dungeon.
You worshipped Makhleb.
Makhleb was aware of your devotion.
You were hungry.

You visited 1 branch of the dungeon, and saw 4 of its levels.

You collected 185 gold pieces.

Inventory:

Hand Weapons
 a - a +0 flail (weapon)
 B - a cursed -2 whip
Missiles
 E - a throwing net (quivered)
Armour
 b - a +0 scale mail (worn)
 c - a +0 shield (worn)
 i - a +0 pair of boots (worn)
Magical Staves
 r - an uncursed staff of summoning {unknown}
Jewellery
 p - a +2 amulet of reflection (around neck)
 u - a ring of see invisible (left hand)
Wands
 o - a wand of polymorph (10/24)
 D - a wand of lightning (3/15)
 G - a wand of iceblast (8/15)
 H - a wand of acid (6/15)
Scrolls
 e - 3 scrolls of remove curse {unknown}
 g - a scroll of blinking {unknown}
 h - 5 scrolls of amnesia {unknown}
 j - a scroll of enchant weapon {unknown}
 q - a scroll of random uselessness {unknown}
 s - 2 scrolls of identify {unknown}
 y - a scroll of teleportation {unknown}
 C - a scroll of recharging {unknown}
 F - a scroll of enchant armour {unknown}
 I - a scroll of fear {unknown}
Potions
 d - a potion of might
 k - 3 potions of curing {unknown}
 l - 4 potions of heal wounds {unknown}
 m - a potion of cure mutation {unknown}
 n - a potion of degeneration {unknown}
 w - a potion of berserk rage {unknown}
 z - a potion of flight {unknown}
Miscellaneous
 v - a plain deck of summoning
Comestibles
 f - 3 bread rations
 t - 3 fruits
 x - 2 meat rations
 A - a beef jerky


   Skills:
 - Level 3.6 Fighting
 + Level 7.5 Maces & Flails
 - Level 3.6 Armour
 - Level 3.6 Shields


You had 4 spell levels left.
You didn't know any spells.

Dungeon Overview and Level Annotations

Branches:
Dungeon (4/15)
 Temple: D:4-7

Altars:
Cheibriados
Makhleb
Nemelex Xobeh


Innate Abilities, Weirdness & Mutations

You reflexively headbutt those who attack you in melee.
You have a pair of horns on your head.


Message History

HP restored.
H - a wand of acid
l - 4 fizzy blue potions (gained 1)
I - a scroll labeled PIBLAU ZONIOPT An ogre comes into view.
It is wielding a giant spiked club.
The ogre shouts!
The ogre hits you with a giant spiked club!!
You see here a scroll labeled ONNERCHICOFF.
You barely miss the ogre. The ogre closely misses you.
You sock the ogre!
The ogre is heavily wounded.
Your shield and scale mail prevent you from hitting the ogre.
You headbutt the ogre.
The ogre is heavily wounded.
The ogre closely misses you.
You hit the ogre. You headbutt the ogre.
The ogre is almost dead.
The ogre hits you with a giant spiked club!!
Ouch! That really hurt!
You die...

#......##.## #.....
##..........###.....
#.......##.......... #
..........##........ ##.
.....##.##........
#...##.....##...........
......####.#............
........................
....##@#...........<...
#....O.......###.......
###.#........# ##..#..#
# ##......... ...##.#
##...#...####..#.#
###.##.... ......
#.###### ##. ## .# .. #
#.#


You could see an ogre.

Vanquished Creatures
  A howler monkey (D:4)
  A hound (D:4)
  An orc wizard (D:3)
  Jessica (D:2)
  5 adders
  A worm (D:2)
  2 dart slugs
  4 giant geckos
  6 orcs (D:3)
  7 bats
  A giant cockroach (D:2)
  8 goblins
  5 hobgoblins
  4 jackals
  A quokka (D:2)
  6 giant newts
  6 kobolds
  9 rats
69 creatures vanquished.

Notes
Turn   | Place    | Note
--------------------------------------------------------------
     0 | D:1      | HandofTrog the Minotaur Fighter began the quest for the Orb.
     0 | D:1      | Reached XP level 1. HP: 19/19 MP: 0/0
   158 | D:1      | Reached skill level 3 in Maces & Flails
   180 | D:1      | Reached XP level 2. HP: 23/26 MP: 1/1
   271 | D:1      | Found a snail-covered altar of Cheibriados.
   510 | D:1      | Reached skill level 4 in Maces & Flails
   761 | D:2      | Reached XP level 3. HP: 31/31 MP: 2/2
  1163 | D:2      | Noticed Jessica
  1169 | D:2      | Killed Jessica
  1169 | D:2      | Reached skill level 5 in Maces & Flails
  1192 | D:2      | Reached XP level 4. HP: 37/39 MP: 3/3
  1227 | D:2      | Found a burning altar of Makhleb.
  1227 | D:2      | Noticed a balrug
  1230 | D:2      | Noticed a neqoxec
  1230 | D:2      | Noticed an orange demon
  1232 | D:2      | Became a worshipper of Makhleb the Destroyer
  1538 | D:3      | Reached skill level 6 in Maces & Flails
  1538 | D:3      | Reached XP level 5. HP: 26/45 MP: 4/4
  1737 | D:3      | Found a sparkling altar of Nemelex Xobeh.
  1793 | D:3      | Reached * piety under Makhleb
  2214 | D:4      | Reached skill level 7 in Maces & Flails
  2340 | D:4      | Noticed an ogre
  2346 | D:4      | Slain by an ogre

Vault maps used:
D:1:      lightli_arrival_boilingwater, kennysheep_flooded_box,
          roderic_st_hans_cross, minmay_misc_feat_iff,
          minmay_misc_feat_nine_boxes
D:2:      makhleb_altar_promises_db, uniq_jessica
D:3:      nemelex_deck
D:4:      old_standard_altar, lemuel_round_altar

Skill      XL: |  1  2  3  4  5 |
---------------+----------------+-----
Maces & Flails | 3 4 5 6 7 |  7.5
Fighting       | |  3.6
Armour         | |  3.6
Shields        | |  3.6

Action                   |  1- 3 |  4- 6 || total
-------------------------+-------+-------++-------
Melee: Flail             |    90 |   109 ||   199
  Eat: Chunk             |       |     4 ||     4
